 Dungeon Crawl Stone Soup version 0.27-a0-535-g7eaf864cf9 (webtiles) character file.

Game seed: 10354025071674733853

9228 Astera the Basher (level 11, -9/89 (99) HPs)
             Began as a Minotaur Fighter on Mar 3, 2021.
             Was a Priest of Ru.
             Mangled by an orc warrior
             ... wielding a +0 hand axe
              (10 damage)
             ... in a bailey on Mar 6, 2021.
             The game lasted 00:33:27 (8303 turns).

Astera the Basher (Minotaur Fighter)                Turns: 8303, Time: 00:33:28

HP:   -9/89 (99)    AC: 16    Str: 30    XL:     11   Next: 20%
MP:   10/10         EV: 14    Int:  5    God:    Ru [***...]
Gold: 312           SH: 14    Dex: 10    Spells: 10/10 levels left

rFire    . . .     SeeInvis .   z - +2 flail (protect)
rCold    x . .     Faith    .   c - +1 kite shield
rNeg     . . .     Spirit   .   E - +0 ring mail of Snakes and Ladders {rElec rC- Regen+ rCorr}
rPois    .         Reflect  .   (helmet restricted)
rElec    +         Harm     .   o - scarf {repulsion}
rCorr    +         Rampage  .   a - +0 pair of gloves
Will     .....                  l - +0 pair of boots
Stlth    ..........             C - amulet of regeneration
HPRegen  2.24/turn              e - +4 ring of evasion
MPRegen  0.12/turn              B - +6 ring of strength

@: lethally poisoned (-9 -> -10), exhausted, protection aura, heavily drained,
repel missiles
A: horns 2, no stealth, hated by all, inability to train dodging, retaliatory
headbutt
a: Renounce Religion, Draw Out Power


You were in a bailey.
You worshipped Ru.
Ru was most pleased with you.
You visited 1 branch of the dungeon, and saw 8 of its levels.
You also visited: Bailey.

You collected 412 gold pieces.
You spent 100 gold pieces at shops.

Inventory:

Hand Weapons
 z - a +2 flail of protection (weapon)
Missiles
 I - 5 javelins (quivered)
 K - 4 atropa-tipped darts
 L - 16 boomerangs
Armour
 a - a +0 pair of gloves (worn)
 c - a +1 kite shield (worn)
 l - a +0 pair of boots (worn)
 o - a scarf of repulsion (worn)
 E - the +0 ring mail of Snakes and Ladders (worn) {rElec rC- Regen+ rCorr}
   (You found it on level 4 of the Dungeon)

   It makes you vulnerable to cold.
   It insulates you from electricity.
   It increases your rate of regeneration.
   It provides partial protection from all sources of acid and corrosion.
Jewellery
 e - a +4 ring of evasion (left hand)
 g - an amulet of the acrobat
 B - a +6 ring of strength (right hand)
 C - an amulet of regeneration (around neck)
Wands
 v - a wand of paralysis (27)
 y - a wand of mindburst (15)
 A - a wand of digging (5)
 F - a wand of flame (21)
Scrolls
 h - 3 scrolls of enchant weapon
 i - 4 scrolls of identify
 k - 3 scrolls of enchant armour
 m - a scroll of amnesia
 s - a scroll of random uselessness {unknown}
 t - 3 scrolls of teleportation
 x - 2 scrolls of fog {unknown}
 G - a scroll of holy word {unknown}
 H - a scroll of vulnerability {unknown}
 J - a scroll of brand weapon {unknown}
Potions
 b - 3 potions of flight
 d - a potion of might
 f - 5 potions of curing
 n - a potion of lignification {unknown}
 p - 2 potions of attraction {unknown}
 q - 3 potions of heal wounds
 r - a potion of berserk rage {unknown}
 u - a potion of resistance {unknown}
 w - 3 potions of haste
 D - a potion of mutation {unknown}


   Skills:
 + Level 9.6 Fighting
 + Level 13.6 Maces & Flails
 + Level 1.3 Throwing
 + Level 8.2 Armour
 + Level 10.7 Shields


You had 10 spell levels left.
You didn't know any spells.
Your spell library was empty.

Dungeon Overview and Level Annotations

Branches:
Dungeon (8/15)             Temple (0/1) D:4          Bailey (1/1)
   Lair: D:8-11

Altars:
Fedhas
Okawaru
Qazlal
Ru
Yredelemnul
The Shining One

Shops:
D:5 *(


Innate Abilities, Weirdness & Mutations

You have a pair of horns on your head.
You cannot be stealthy.
You are hated by all.
You cannot train Dodging skill.
You reflexively headbutt those who attack you in melee.


Message History

The orc warlord hits you with a +3 dire flail of venom!!
You are poisoned.
The orc warrior hits you with a +0 hand axe.
* * * LOW HITPOINT WARNING * * *
You feel better.
The orc warlord hits you with a +3 dire flail of venom!
* * * LOW HITPOINT WARNING * * *
You are poisoned.
You are confused.
You feel invigorated.
You feel sick.
The orc warrior hits you with a +0 hand axe.
* * * LOW HITPOINT WARNING * * *
The orc warlord hits you with a +3 dire flail of venom.
* * * LOW HITPOINT WARNING * * *
You are more poisoned.
Okay, then.
You are restored by drawing out deep reserves of power within.
You feel drained.
You feel less invigorated.
You feel sick.
The orc warrior is stunned by your conviction and fails to attack.
The orc warlord hits you with a +3 dire flail of venom!!
* * * LOW HITPOINT WARNING * * *
You are more poisoned.
Unknown command.
You sock the orc warlord!
The orc warlord is heavily wounded.
You feel sick. You block the orc warrior's attack.
You sock the orc warlord! Your headbutt misses the orc warlord.
The orc warlord is heavily wounded.
You feel sick. You block the orc warlord's attack.
The orc warrior hits you with a +0 hand axe!
* * * LOW HITPOINT WARNING * * *
You focus your inner power and illuminate the orc warrior in retribution!
Your shield and ring mail of Snakes and Ladders prevent you from hitting the orc warlord.
You headbutt the orc warlord.
The orc warlord is heavily wounded.
You feel sick.
The orc warlord hits you with a +3 dire flail of venom!
* * * LOW HITPOINT WARNING * * *
The orc warrior hits you with a +0 hand axe!
You die...

......# #....)..# ......##
##.......## .......#
#.........# .......##
##.........##
..⌠.....#######.o...⌠.....#
.......##.....##.........##
.......#.......#.........#
.))...##.......##o......##
.)....'.........@og.....#
.....##.........##.....##
######.....⌠.....#######
##.........## #.........#
##.......## #..))...#
##.....## ♣♣##'''##♣♣


You could see an orc warlord, an orc warrior (strong, corona) and a gnoll.

Vanquished Creatures
  2 two-headed ogres
  Pikel (D:7)
  2 orc knights (Bailey)
  An oklob plant (D:2)
  Maggie (D:8)
  A troll (D:8)
  Grinder (D:6)
  Prince Ribbit (D:8)
  Sigmund (D:4)
  The ghost of highc0 the Vexing, an amateur DEWz (D:4)
  Edmund (D:4)
  Duvessa (D:5)
  13 orc warriors
  The ghost of Gruud the Skirmisher, an amateur PaWr (D:4)
  An ice beast (D:8)
  3 sky beasts
  4 ogres
  5 centaurs
  A lemure (D:7)
  2 phantoms
  A kobold brigand (D:7)
  A gnoll sergeant (D:7)
  4 bullfrogs
  Dowan (D:5)
  2 scorpions
  6 killer bees
  An electric eel (D:6)
  2 howler monkeys
  2 bullfrog zombies
  3 hounds
  2 jellies (D:6)
  4 orc priests (D:7)
  Jessica (D:2)
  Ijyb (D:3)
  An iguana (D:4)
  10 orc wizards
  9 worker ants
  A killer bee zombie (D:6)
  2 hound skeletons
  A howler monkey skeleton (D:5)
  12 gnolls
  12 adders
  4 white imps
  2 ufetubi
  An ooze (D:1)
  2 adder skeletons (D:6)
  An adder zombie (D:7)
  3 worms
  2 leopard geckos
  41 orcs
  A ball python (D:3)
  5 bats
  7 giant cockroaches
  30 goblins
  21 hobgoblins
  12 jackals
  7 kobolds
  4 quokkas
  7 frilled lizards
  2 leopard gecko skeletons
  3 quokka skeletons (D:7)
  5 rats
283 creatures vanquished.

Vanquished Creatures (others)
  An ogre (D:4)
  2 fungi (D:2)
  7 plants
  9 toadstools (D:2)
19 creatures vanquished.

Grand Total: 302 creatures vanquished

Notes
Turn   | Place    | Note
-------+----------+-------------------------------------------
     0 | D:1      | Astera the Minotaur Fighter began the quest for the Orb.
     0 | D:1      | Reached XP level 1. HP: 19/19 MP: 0/0
   148 | D:1      | Reached XP level 2. HP: 26/26 MP: 1/1
   874 | D:1      | Reached skill level 3 in Maces & Flails
  1226 | D:2      | Found a blossoming altar of Fedhas.
  1245 | D:2      | Noticed an oklob plant
  1307 | D:2      | Reached XP level 3. HP: 33/33 MP: 2/2
  1322 | D:2      | Noticed Jessica
  1355 | D:2      | Killed Jessica
  1356 | D:2      | Reached skill level 1 in Dodging
  1356 | D:2      | Reached XP level 4. HP: 21/40 MP: 3/3
  1627 | D:2      | Found a sacrificial altar of Ru.
  1627 | D:2      | Found an iron altar of Okawaru.
  1627 | D:2      | Found a stormy altar of Qazlal.
  1637 | D:2      | Became a worshipper of Ru the Awakened
  1767 | D:2      | Reached skill level 4 in Maces & Flails
  2871 | D:3      | Noticed Ijyb
  2875 | D:3      | Paralysed by Ijyb for 5 turns
  2882 | D:3      | Paralysed by Ijyb for 2 turns
  2884 | D:3      | Killed Ijyb
  2885 | D:3      | Reached XP level 5. HP: 44/46 MP: 4/4
  3127 | D:3      | Reached skill level 5 in Armour
  3190 | D:3      | Found a basalt altar of Yredelemnul.
  3559 | D:3      | Gained mutation: You cannot train Dodging skill. [Ru
                  | sacrifice]
  3559 | D:3      | Reached * piety under Ru
  3659 | D:3      | Reached skill level 5 in Maces & Flails
  3729 | D:4      | Noticed Edmund
  3744 | D:4      | Killed Edmund
  3745 | D:4      | Reached XP level 6. HP: 17/53 MP: 5/5
  4097 | D:4      | Noticed Sigmund
  4309 | D:4      | Killed Sigmund
  4310 | D:4      | Reached skill level 6 in Maces & Flails
  4310 | D:4      | Reached XP level 7. HP: 60/60 MP: 6/6
  4352 | D:4      | Reached skill level 5 in Shields
  4377 | D:4      | Found a staircase to the Ecumenical Temple.
  4391 | D:4      | Reached skill level 5 in Fighting
  4835 | D:4      | Reached skill level 7 in Maces & Flails
  4901 | D:4      | Found a runed translucent gate.
  4901 | D:4      | Found a runed translucent gate.
  4901 | D:4      | Found a runed translucent gate.
  4903 | D:4      | Noticed Gruud's ghost (amateur PaWr)
  4903 | D:4      | Noticed highc0's ghost (amateur DEWz)
  5629 | D:2      | Killed an oklob plant
  5630 | D:2      | Reached skill level 8 in Maces & Flails
  5630 | D:2      | Reached XP level 8. HP: 69/69 MP: 7/7
  5793 | D:5      | Entered Level 5 of the Dungeon
  5793 | D:5      | Found Qag Dih's Weapon Emporium.
  5844 | D:4      | Killed highc0's ghost
  5858 | D:4      | Killed Gruud's ghost
  5861 | D:4      | Identified the +0 ring mail of Snakes and Ladders {rElec
                  | rC- Regen+ rCorr}
  5952 | D:4      | Reached skill level 9 in Maces & Flails
  6077 | D:5      | Reached XP level 9. HP: 78/78 MP: 8/8
  6215 | D:5      | Noticed Duvessa
  6225 | D:5      | Noticed Dowan
  6231 | D:5      | Killed Duvessa
  6238 | D:5      | Killed Dowan
  6239 | D:5      | Reached skill level 10 in Maces & Flails
  6263 | D:5      | Found Mellong's Assorted Antiques.
  6271 | D:5      | Bought a scroll of identify for 50 gold pieces
  6271 | D:5      | Bought a scroll of identify for 50 gold pieces
  6523 | D:6      | Noticed Grinder
  6524 | D:6      | Found a glowing golden altar of the Shining One.
  6558 | D:6      | Paralysed by Grinder for 4 turns
  6566 | D:6      | Killed Grinder
  6743 | D:6      | Gained mutation: You are hated by all. [Ru sacrifice]
  6743 | D:6      | Reached ** piety under Ru
  6743 | D:6      | Reached *** piety under Ru
  6744 | D:6      | Upgraded the game from 0.27-a0-506-g2188dfaaa0 to
                  | 0.27-a0-535-g7eaf864cf9
  6897 | D:6      | Reached skill level 11 in Maces & Flails
  7206 | D:7      | Noticed Pikel
  7348 | D:7      | Reached XP level 10. HP: 75/88 MP: 9/9
  7404 | D:7      | Killed Pikel
  7419 | D:7      | Reached skill level 12 in Maces & Flails
  7471 | D:7      | Reached skill level 1 in Throwing
  7644 | D:8      | Noticed Prince Ribbit
  7644 | D:8      | Noticed a two-headed ogre
  7691 | D:8      | Noticed a two-headed ogre
  7704 | D:7      | Killed a two-headed ogre
  7740 | D:8      | Noticed Maggie
  7748 | D:8      | Killed Maggie
  7800 | D:8      | Killed a two-headed ogre
  7801 | D:8      | Reached skill level 13 in Maces & Flails
  7801 | D:8      | Reached skill level 10 in Shields
  7836 | D:8      | Killed Prince Ribbit
  7931 | D:8      | Gained mutation: You cannot be stealthy. [Ru sacrifice]
  7955 | D:8      | Found a flagged portal.
  7984 | Bailey   | Entered a bailey
  8124 | Bailey   | Noticed an orc knight
  8128 | Bailey   | Reached XP level 11. HP: 97/97 MP: 10/10
  8172 | Bailey   | Killed an orc knight
  8251 | Bailey   | Noticed an orc knight
  8265 | Bailey   | Noticed an orc warlord
  8274 | Bailey   | Killed an orc knight
  8303 | Bailey   | HP: 1/89 [orc warlord/+3 dire flail of venom (13)]
  8303 | Bailey   | Mangled by an orc warrior

Illustrated notes

Levels and vault maps discovered:
D:1:      lightli_arrival_boilingwater, layout_basic, serial_forest,
          infiniplex_forest_lined_3, infiniplex_forest_lined_ring,
          infiniplex_forest_clump_curved, infiniplex_forest_end_1,
          infiniplex_forest_clump_curved, infiniplex_forest_end_3,
          infiniplex_forest_straight_2, patterned_corridor
D:2:      layout_loops_ring, tgw_fedhas, gammafunk_temple_overflow_forgotten,
          uniq_jessica
D:3:      layout_loops_corners, nicolae_overflow_crystal_walls, uniq_ijyb
D:4:      layout_loops_corners, minmay_temple_entry_statues_pillars,
          gammafunk_ghost_cemetery, uniq_sigmund, uniq_edmund
D:5:      layout_cave_pools, serial_shops,
          nicolae_shop_competitors_out_of_business, shop, uniq_duvessa
D:6:      layout_basic, kennysheep_mini_moat, kennysheep_donut, uniq_grinder
D:7:      layout_basic, uniq_pikel
D:8:      layout_cave_pools, enter_bailey_5, moated_statue, uniq_maggie,
          uniq_prince_ribbit1
Bailey:   bailey_axe_minmay_hex_keep, bailey

Skill      XL: |  1  2  3  4  5  6  7  8  9 10 |
---------------+-------------------------------+-----
Armour         | 4 5 6 7 8 |  8.2
Maces & Flails | 3 4 5 6 8 9 11 13 | 13.6
Fighting       | 4 5 6 7 9 |  9.6
Dodging        | 1 0 |  0.0
Shields        | 4 5 6 8 10 | 10.7
Throwing       | 1 |  1.3

Action                   |  1- 3 |  4- 6 |  7- 9 | 10-12 || total
-------------------------+-------+-------+-------+-------++-------
Melee: Flail             |    87 |   161 |   273 |   308 ||   829
       Headbutt          |     7 |    37 |    57 |    68 ||   169
Throw: Javelin           |       |       |     7 |     3 ||    10
Invok: Sacrifice Nimblen |       |     1 |       |       ||     1
       Sacrifice Love    |       |       |     1 |       ||     1
       Sacrifice Stealth |       |       |       |     1 ||     1
       Draw Out Power    |       |       |       |     2 ||     2
  Use: Scroll            |       |     3 |     7 |       ||    10
       Potion            |       |       |       |     3 ||     3
 Stab: Distracted        |       |       |     1 |       ||     1
Armor: Scale mail        |    42 |    45 |    23 |       ||   110
       Ring mail         |       |       |    45 |    44 ||    89
Dodge: Dodged            |    40 |    65 |   108 |   102 ||   315
       Repelled          |       |     2 |     3 |     1 ||     6
Block: Kite shield       |    58 |    64 |   145 |   165 ||   432

Table legend: (Time is in decaauts)
 A = Elapsed time spent in this place.
 B = Non-inter-level travel time spent in this place.
 C = Inter-level travel time spent in this place.
 D = Time resting spent in this place.
 E = Time spent auto-exploring this place.
 F = Levels seen in this place.
 G = Mean time per level.
                   A        B        C        D        E       F      G
               +--------+--------+--------+--------+--------+-----+--------+
         Total |   8421 |   7908 |    513 |   1037 |   4697 |   9 |  935.7 |
       Dungeon |   8132 |   7619 |    513 |   1035 |   4697 |   8 | 1016.5 |
        Bailey |    289 |    289 |      0 |      2 |      0 |   1 |  289.0 |
               +--------+--------+--------+--------+--------+-----+--------+

Top non-repeatable levels by time:
     D:2: 2191 daAuts
     D:3: 1413 daAuts
     D:4: 1316 daAuts
     D:1: 1196 daAuts
     D:7: 618 daAuts
     D:5: 550 daAuts
     D:6: 521 daAuts
     D:8: 324 daAuts
  Bailey: 289 daAuts
